 Dungeon Crawl Stone Soup version 0.21-a0-615-g8e08f28 (webtiles) character file.

58 slep the Slasher (level 3, 0/27 HPs)
             Began as a Demonspawn Gladiator on Dec 23, 2017.
             Slain by an adder (2 damage)
             ... on level 3 of the Dungeon.
             The game lasted 00:04:57 (1397 turns).

slep the Slasher (Demonspawn Gladiator)             Turns: 1397, Time: 00:04:58

Health: 0/27       AC:  2    Str: 14    XL:     3   Next: 75%
Magic:  3/3        EV: 10    Int:  9    God:
Gold:   14         SH:  9    Dex: 15    Spells: 2/2 levels left

rFire    . . .     SeeInvis .   a - +0 long sword
rCold    . . .     Gourm    .   t - +2 shield
rNeg     . . .     Faith    .   b - +0 leather armour
rPois    .         Spirit   .   (helmet restricted)
rElec    .         Reflect  .   (no cloak)
rCorr    .         Harm     .   y - +0 pair of gloves
MR       .....                  i - +0 pair of boots
Stlth    +.........             (no amulet)
HPRegen  0.09/turn              s - -3 ring of protection (curse)
MPRegen  0.08/turn              (no ring)

@: no status effects
A: antennae 1, claws 1
a: no special abilities


You were on level 3 of the Dungeon.
You were not hungry.

You visited 1 branch of the dungeon, and saw 3 of its levels.

You collected 14 gold pieces.

Inventory:

Hand Weapons
 a - a +0 long sword (weapon)
Missiles
 d - 3 throwing nets (quivered)
 e - 23 sling bullets
Armour
 b - a +0 leather armour (worn)
 c - a +0 helmet
 i - a +0 pair of boots (worn)
 t - a +2 shield (worn)
 y - a +0 pair of gloves (worn)
Jewellery
 s - a cursed -3 ring of protection (left hand)
 v - a +5 ring of strength {unknown}
Scrolls
 g - a scroll of enchant weapon {unknown}
 h - 4 scrolls of fear {unknown}
 l - a scroll of amnesia {unknown}
 m - a scroll of noise {unknown}
 o - a scroll of remove curse {unknown}
 u - a scroll of fog {unknown}
 z - a scroll of identify {unknown}
Potions
 j - a potion of curing {unknown}
 k - a potion of cancellation {unknown}
 n - a potion of mutation {unknown}
 p - a potion of invisibility {unknown}
 q - a potion of lignification {unknown}
 r - a potion of berserk rage {unknown}
 w - a potion of heal wounds {unknown}
 x - a potion of agility {unknown}
Comestibles
 f - 3 rations


   Skills:
 + Level 2.2 Fighting
 + Level 3.6 Long Blades
 + Level 1.8 Throwing
 + Level 0.5 Armour
 + Level 3.1 Dodging
 + Level 0.2 Shields


You had 2 spell levels left.
You didn't know any spells.

Dungeon Overview and Level Annotations

Branches:
Dungeon (3/15)

Altars:
Kikubaaqudgha


Innate Abilities, Weirdness & Mutations

You have a pair of small antennae on your head.
You have sharp fingernails.


Message History

The phantom blinks!
You closely miss the adder. The adder barely misses you.
You riposte.
You barely miss the adder. You hit the adder.
The adder is lightly wounded.
The adder closely misses you.
You riposte.
You completely miss the adder.
The adder is lightly wounded.
The phantom blinks!
You block the adder's attack.
A hobgoblin comes into view. It is wielding a club.
The hobgoblin shouts!
You hit the adder.
The adder is heavily wounded.
The adder bites you.
* * * LOW HITPOINT WARNING * * *
The phantom blinks!
The adder bites you.
* * * LOW HITPOINT WARNING * * *
Your shield prevents you from hitting the adder.
The adder is heavily wounded.
The adder bites you.
You die...

#........##.######
#....#...........#
##.###.####.####.#
...###+#......#
#............#.#
#..........###.##.##
.ยง...............+
..........########
.. .......@........
+#...
..?...W.S#######
..... ...........
.... .............
.... #######......g.
.# #........ .#
#........ .####
#........ .....


You could see a phantom, an adder and a hobgoblin.

Vanquished Creatures
  A gnoll (D:1)
  An ooze (D:1)
  2 dart slugs (D:2)
  A leopard gecko (D:1)
  4 giant cockroaches
  4 goblins
  5 hobgoblins
  6 bats
  A frilled lizard (D:2)
  3 kobolds
  9 rats
37 creatures vanquished.

Vanquished Creatures (others)
  A human (D:2)
1 creature vanquished.

Grand Total: 38 creatures vanquished

Notes
Turn   | Place    | Note
-------+----------+-------------------------------------------
     0 | D:1      | slep the Demonspawn Gladiator began the quest for the Orb.
     0 | D:1      | Reached XP level 1. HP: 16/16 MP: 1/1
   170 | D:1      | Gained mutation: You have sharp fingernails. [demonic ancestry]
   170 | D:1      | Reached XP level 2. HP: 6/22 MP: 2/2
   268 | D:1      | Gained mutation: You have a pair of small antennae on your head. [demonic ancestry]
   268 | D:1      | Reached XP level 3. HP: 8/27 MP: 3/3
   800 | D:2      | Found an ancient bone altar of Kikubaaqudgha.
  1212 | D:2      | Noticed a human
  1213 | D:2      | Killed a human
  1258 | D:3      | Found a faded altar of an unknown god.
  1362 | D:3      | Noticed a phantom
  1397 | D:3      | Slain by an adder

Vault maps used:
D:1:      mrwooster_arrival_arrow
D:2:      tgw_kikubaaqudgha
D:3:      tso_altar, chequers_ecumenical_altar_island, ashenzari_altar_1

Skill      XL: |  1  2 |
---------------+-------+-----
Long Blades    | 3 |  3.6
Dodging        | 3 |  3.1
Fighting       | |  2.2
Throwing       | |  1.8
Armour         | |  0.5
Shields        | |  0.2

Action                   || total
-------------------------++-------
Melee: Long sword        ||   125
 Stab: Sleeping          ||     2
  Eat: Chunk             ||     2
Armor: Leather armour    ||    32
Dodge: Dodged            ||    56
Block: Shield            ||    45
       Rpst.: Long sword ||    19

Table legend:
 A = Spawn XP
 B = Non-spawn XP
 C = Spawn XP percentage of total XP
 D = Spawn monster count
 E = Non-spawn monster count
 F = Spawn count percentage of total count
 G = Total turns spent on level
                    A         B        C        D         E        F      G
               +---------+---------+-------+---------+---------+-------+---------
         Total |       0 |      83 |   0.0 |       0 |      37 |   0.0 |  1397
               +---------+---------+-------+---------+---------+-------+---------
           D:1 |       0 |      47 |   0.0 |       0 |      18 |   0.0 |   689
           D:2 |       0 |      25 |   0.0 |       0 |      13 |   0.0 |   569
           D:3 |       0 |      11 |   0.0 |       0 |       6 |   0.0 |   139
               +---------+---------+-------+---------+---------+-------+---------
